 Dungeon Crawl Stone Soup version 0.27-a0-346-ga689d4a613 (webtiles) character file.

Game seed: 2663188808904845183

5540 jestyr24 the Blocker (level 10, -5/93 HPs)
             Began as a Minotaur Fighter on Feb 16, 2021.
             Was a Priest of Makhleb.
             Slain by Snorg (13 damage)
             ... on level 10 of the Dungeon.
             The game lasted 00:36:50 (9657 turns).

jestyr24 the Blocker (Minotaur Fighter)             Turns: 9657, Time: 00:36:51

Health: -5/93      AC: 20    Str: 23    XL:     10   Next: 43%
Magic:  19/19      EV:  7    Int:  5    God:    Makhleb [***...]
Gold:   519        SH: 23    Dex: 11    Spells: 9/9 levels left

rFire    . . .     SeeInvis .   a - +1 war axe
rCold    . . .     Faith    .   B - +0 tower shield "Ithiah" {Rampage Will++ MP+9 Stlth+}
rNeg     . . .     Spirit   .   b - +2 chain mail {rPois}
rPois    +         Reflect  +   (helmet restricted)
rElec    .         Harm     .   q - +1 cloak
rCorr    .         Rampage  +   s - +0 pair of gloves
Will     +++..                  F - +2 pair of boots
Stlth    ..........             n - amulet of reflection
HPRegen  0.25/turn              u - ring of flight
MPRegen  0.16/turn              f - ring of poison resistance

@: mighty
A: retaliatory headbutt, horns 2, high mp 1, strong-willed 1
a: Renounce Religion, Evoke Flight, Minor Destruction, Lesser Servant of Makhleb


You were on level 10 of the Dungeon.
You worshipped Makhleb.
Makhleb was most pleased with you.
You visited 2 branches of the dungeon, and saw 11 of its levels.
You also visited: Ossuary.

You collected 519 gold pieces.

Inventory:

Hand Weapons
 a - a +1 war axe (weapon)
 j - a +0 vorpal spear
 z - the +5 hunting sling "Zobuda Acuy" {freeze, rC+ Int+4 Dex+8 Stlth-}
   (You found it on level 4 of the Dungeon)

   It causes projectiles fired from it to freeze those they strike, causing
   extra injury to most foes and up to half again as much damage against
   particularly susceptible opponents.
   They can also slow down cold-blooded creatures.
   It affects your intelligence (+4).
   It affects your dexterity (+8).
   It protects you from cold.
   It makes you less stealthy.
 G - a +0 battleaxe
Missiles
 e - 19 boomerangs (quivered)
 o - 204 stones
Armour
 b - a +2 chain mail of poison resistance (worn)
 q - a +1 cloak (worn)
 r - a +2 scale mail of cold resistance
 s - a +0 pair of gloves (worn)
 B - the +0 tower shield "Ithiah" (worn) {Rampage Will++ MP+9 Stlth+}
   (You found it on level 6 of the Dungeon)

   It affects your willpower, your defense against some magical effects.
   It affects your magic capacity (+9).
   It bestows one free step when moving towards enemies.
   It makes you more stealthy.
 F - a +2 pair of boots (worn)
Jewellery
 f - a ring of poison resistance (right hand)
 n - an amulet of reflection (around neck)
 u - a ring of flight (left hand)
Wands
 p - a wand of iceblast (5)
 v - a wand of digging (4)
 w - a wand of acid (28)
 y - a wand of random effects (11)
 D - a wand of polymorph (8)
Scrolls
 c - a scroll of immolation {unknown}
 g - 15 scrolls of identify
 h - a scroll of enchant armour
 k - 7 scrolls of teleportation
 l - 4 scrolls of amnesia
 A - 2 scrolls of magic mapping
 I - a scroll of blinking
 K - a scroll of enchant weapon
Potions
 d - 2 potions of might
 i - a potion of mutation
 m - 2 potions of haste
 t - 2 potions of curing
 x - a potion of brilliance
 C - a potion of flight
 E - 3 potions of lignification
 H - a potion of cancellation {unknown}
 J - a potion of heal wounds {unknown}


   Skills:
 * Level 10.0 Fighting
 * Level 6.4 Axes
 + Level 9.0 Armour
 + Level 4.2 Dodging
 - Level 0.2 Stealth
 + Level 11.9 Shields


You had 9 spell levels left.
You didn't know any spells.
Your spell library was empty.

Dungeon Overview and Level Annotations

Branches:
Dungeon (10/15)            Temple (1/1) D:5         Ossuary (visited)
   Lair: D:8-11         Orc: D:9-12

Altars:
Ashenzari
Cheibriados
Dithmenos
Gozag
Hepliaklqana
Kikubaaqudgha
Makhleb
Nemelex Xobeh
Okawaru
Qazlal
Ru
Sif Muna
Trog
Vehumet
Wu Jian
Xom
Yredelemnul
Zin
The Shining One

Annotations:
D:4 2 transporters, foci's ghost, novice GrFi
D:10 Snorg


Innate Abilities, Weirdness & Mutations

You reflexively headbutt those who attack you in melee.
You have a pair of horns on your head.
You have an increased reservoir of magic. (+10% MP)
You are strong-willed. (Will+)


Message History

Snorg is moderately wounded.
Snorg goes berserk!
You block Snorg's attack. Snorg claws you. You block Snorg's attack.
You slice Snorg!! Your headbutt misses Snorg.
Snorg is moderately wounded.
Snorg barely misses you. You block Snorg's attack. Snorg claws you!
You block Snorg's attack. Snorg claws you! Snorg claws you.
You slash Snorg! Your headbutt misses Snorg.
Snorg is heavily wounded.
You block Snorg's attack. x2; Snorg claws you but does no damage.
Snorg bites you! Snorg claws you. Snorg claws you but does no damage.
You hit Snorg.
Snorg is heavily wounded.
You block Snorg's attack. x3; Snorg bites you but does no damage.
Snorg claws you! You block Snorg's attack.
Your shield prevents you from hitting Snorg.
Your headbutt misses Snorg.
Snorg is heavily wounded.
You block Snorg's attack. x3; Snorg bites you.
Snorg closely misses you. You block Snorg's attack.
You hit Snorg. You headbutt Snorg!
Snorg is heavily wounded.
You block Snorg's attack. x3; Snorg bites you.
Snorg claws you but does no damage. x2
You slash Snorg! You headbutt Snorg!
Snorg is severely wounded.
You block Snorg's attack. x3; Snorg bites you but does no damage.
You block Snorg's attack. Snorg claws you but does no damage.
You hit Snorg.
Snorg is severely wounded.
You block Snorg's attack. Snorg claws you but does no damage. Snorg claws you.
Snorg bites you. Snorg claws you.
* * * LOW HITPOINT WARNING * * *
Snorg claws you!
* * * LOW HITPOINT WARNING * * *
You block Snorg's attack. Snorg claws you but does no damage.
You block Snorg's attack.
You feel very mighty all of a sudden. You block Snorg's attack.
Snorg claws you!
You die...

####+#...###
#..........# #
#..........#
#............#
##............#
..............#
......#.......#
......T@..#
..........#
..........#
##.###..#.# ..
#..#.######## .
#..#.........
#..#.##########
<
#..#...........
..#
#..#...########


You could see Snorg (berserk).

Vanquished Creatures
  An unseen horror (D:9)
  Joseph (D:7)
  A hornet (D:9)
  Prince Ribbit (D:9)
  Grinder (D:3)
  Menkaure (D:4)
  2 sky beasts
  An orc warrior (D:6)
  A black bear (D:7)
  4 ogres
  A centaur (D:6)
  A kobold brigand (D:9)
  5 elf zombies (Ossuary)
  3 phantoms (D:8)
  6 bullfrogs
  An elf skeleton (D:5)
  A water moccasin zombie (D:6)
  4 scorpions
  4 wights (D:8)
  5 howler monkeys
  An electric eel (D:6)
  A centaur zombie (Ossuary)
  A quasit (D:9)
  2 human zombies
  A jelly (D:5)
  3 hounds
  6 orc priests
  A centaur skeleton (D:9)
  Crazy Yiuf (D:5)
  Natasha (twice) (D:4)
  4 bullfrog skeletons
  Terence (D:2)
  5 iguanas
  6 orc wizards
  9 worker ants
  A hound skeleton (D:9)
  3 mummies (Ossuary)
  7 adders
  A shadow imp (D:6)
  2 white imps
  4 ufetubi
  5 adder zombies (Ossuary)
  2 adder skeletons
  2 worms
  3 dart slugs
  7 leopard geckos
  29 orcs
  5 giant cockroaches
  3 gnoll zombies (Ossuary)
  4 goblins
  9 hobgoblins
  15 jackals
  2 quokkas
  A ball python skeleton (D:5)
  5 bats
  6 frilled lizards
  4 goblin zombies (Ossuary)
  2 hobgoblin zombies (Ossuary)
  A jackal skeleton (D:4)
  4 jackal zombies (Ossuary)
  12 kobolds
  2 kobold zombies (Ossuary)
  2 leopard gecko skeletons
  A leopard gecko zombie (D:7)
  2 orc skeletons (D:5)
  2 orc zombies (D:5)
  2 quokka skeletons
  6 quokka zombies
  6 rats
  2 rat zombies (Ossuary)
253 creatures vanquished.

Vanquished Creatures (others)
  An orc wizard (D:6)
  A kobold (D:9)
  A fungus (D:5)
3 creatures vanquished.

Grand Total: 256 creatures vanquished

Notes
Turn   | Place    | Note
-------+----------+-------------------------------------------
     0 | D:1      | jestyr24 the Minotaur Fighter began the quest for the Orb.
     0 | D:1      | Reached XP level 1. HP: 19/19 MP: 0/0
    84 | D:1      | Reached XP level 2. HP: 27/27 MP: 1/1
   251 | D:1      | Reached skill level 4 in Shields
   515 | D:2      | Reached XP level 3. HP: 33/33 MP: 2/2
   744 | D:2      | Noticed Terence
   756 | D:2      | Killed Terence
   757 | D:2      | Reached XP level 4. HP: 25/40 MP: 3/3
   956 | D:2      | Reached skill level 1 in Dodging
  1467 | D:3      | Reached XP level 5. HP: 39/47 MP: 4/4
  1525 | D:3      | Noticed Grinder
  1525 | D:3      | Paralysed by Grinder for 4 turns
  1548 | D:3      | Paralysed by Grinder for 7 turns
  1560 | D:3      | Paralysed by Grinder for 6 turns
  1569 | D:3      | Killed Grinder
  1570 | D:3      | Reached skill level 5 in Fighting
  1570 | D:3      | Reached skill level 5 in Armour
  1570 | D:3      | Reached skill level 5 in Shields
  1570 | D:3      | Reached XP level 6. HP: 5/56 MP: 5/5
  2488 | D:4      | Reached skill level 6 in Shields
  2742 | D:4      | Noticed Menkaure
  2751 | D:4      | Killed Menkaure
  2752 | D:4      | Reached XP level 7. HP: 35/61 MP: 6/6
  3006 | D:4      | Got an ancient hunting sling
  3007 | D:4      | Identified the +5 hunting sling "Zobuda Acuy" {freeze, rC+
                  | Int+4 Dex+8 Stlth-} (You found it on level 4 of the
                  | Dungeon)
  3040 | D:4      | Found a transporter.
  3042 | D:4      | Identified the +11 great mace of Instant Death {speed, rN+}
  3043 | D:4      | Noticed foci's ghost (novice GrFi)
  3050 | D:4      | Found a transporter.
  3133 | D:4      | Noticed Natasha
  3136 | D:4      | Killed Natasha
  3171 | D:4      | Noticed Natasha
  3176 | D:4      | Killed Natasha
  3446 | D:5      | Entered Level 5 of the Dungeon
  3529 | D:5      | Found a broken altar of Ashenzari.
  3538 | D:5      | Reached skill level 7 in Shields
  3657 | D:5      | Found a staircase to the Ecumenical Temple.
  3679 | Temple   | Entered the Ecumenical Temple
  3920 | Temple   | Became a worshipper of Makhleb the Destroyer
  4014 | D:5      | Found a sand-covered staircase.
  4019 | Ossuary  | Entered an ossuary
  4072 | Ossuary  | Reached XP level 8. HP: 69/71 MP: 7/7
  4197 | Ossuary  | Reached * piety under Makhleb
  4198 | Ossuary  | Reached skill level 8 in Shields
  4424 | D:5      | Gained mutation: Your magical capacity is low. (-10% MP)
                  | [potion of mutation]
  4424 | D:5      | Gained mutation: You are strong-willed. (Will+) [potion of
                  | mutation]
  4424 | D:5      | Lost mutation: Your magical capacity is low. (-10% MP)
                  | [potion of mutation]
  4424 | D:5      | Gained mutation: You have an increased reservoir of magic.
                  | (+10% MP) [potion of mutation]
  4932 | D:5      | Found a runed translucent door.
  4933 | D:5      | Noticed Crazy Yiuf
  4937 | D:5      | Killed Crazy Yiuf
  5189 | D:6      | Reached skill level 9 in Shields
  5201 | D:6      | Reached ** piety under Makhleb
  5447 | D:6      | Got a jewelled tower shield
  5458 | D:6      | Identified the +0 tower shield "Ithiah" {Rampage Will++
                  | MP+9 Stlth+} (You found it on level 6 of the Dungeon)
  5521 | D:6      | Found a shadowy altar of Dithmenos.
  5570 | D:6      | Reached XP level 9. HP: 73/81 MP: 8/8
  6252 | D:7      | Reached skill level 10 in Shields
  6310 | D:7      | Noticed Joseph
  6323 | D:7      | Killed Joseph
  7047 | D:8      | Reached skill level 11 in Shields
  7311 | D:8      | Reached *** piety under Makhleb
  8259 | D:9      | Reached XP level 10. HP: 59/92 MP: 10/10
  8721 | D:9      | Reached skill level 5 in Axes
  8752 | D:9      | Killed an unseen horror
  8830 | D:9      | Noticed Prince Ribbit
  8846 | D:9      | Killed Prince Ribbit
  8847 | D:9      | Reached skill level 10 in Fighting
  9614 | D:10     | Entered Level 10 of the Dungeon
  9642 | D:10     | Noticed Snorg
  9657 | D:10     | Slain by Snorg

Illustrated notes

Levels and vault maps discovered:
D:1:      eino_arrival_water_star, layout_rooms
D:2:      layout_rooms, uniq_terence
D:3:      layout_basic, uniq_grinder
D:4:      layout_cave_pools, gammafunk_ghost_smash, uniq_natasha, uniq_menkaure
D:5:      layout_gridville, lemuel_doored_altar, minmay_temple_entry_overgrown,
          nicolae_ossuary_entry_catacombs, eino_small_chamber_without_monster,
          uniq_crazy_yiuf_cottage
D:6:      layout_basic, nicolae_lava_and_water,
          nicolae_dithmenos_through_a_glass_darkly
D:7:      layout_basic, uniq_joseph
D:8:      layout_layer_cave
D:9:      layout_stronghold, uniq_prince_ribbit1
D:10:     layout_basic, dpeg_oklobed_lair, uniq_psyche, uniq_snorg
Temple:   regret_index_temple_sigil_plot

Skill      XL: |  1  2  3  4  5  6  7  8  9 10 |
---------------+-------------------------------+-----
Fighting       | 4 5 6 8 9 10 | 10.0
Shields        | 4 5 6 7 9 11 | 11.9
Armour         | 4 5 6 7 8 9 |  9.0
Axes           | 3 4 6 |  6.4
Dodging        | 1 2 3 4 |  4.2
Stealth        | |  0.2

Action                   |  1- 3 |  4- 6 |  7- 9 | 10-12 || total
-------------------------+-------+-------+-------+-------++-------
Melee: War axe           |    86 |   106 |   472 |   119 ||   783
       Headbutt          |    14 |    20 |    88 |    32 ||   154
  Use: Scroll            |       |       |     9 |       ||     9
       Potion            |       |       |     8 |     1 ||     9
Armor: Scale mail        |    38 |    47 |    75 |       ||   160
       Chain mail        |       |       |    97 |    57 ||   154
Dodge: Dodged            |    21 |    36 |   126 |    16 ||   199
Block: Kite shield       |    68 |    89 |   233 |       ||   390
       Reflection        |       |     2 |     7 |     3 ||    12
       Tower shield      |       |       |   246 |   161 ||   407

Table legend: (Time is in decaauts)
 A = Elapsed time spent in this place.
 B = Non-inter-level travel time spent in this place.
 C = Inter-level travel time spent in this place.
 D = Time resting spent in this place.
 E = Time spent auto-exploring this place.
 F = Levels seen in this place.
 G = Mean time per level.
                   A        B        C        D        E       F      G
               +--------+--------+--------+--------+--------+-----+--------+
         Total |  10056 |   9665 |    391 |   1421 |   4923 |  12 |  838.0 |
       Dungeon |   9349 |   8984 |    365 |   1223 |   4834 |  10 |  934.9 |
        Temple |    268 |    242 |     26 |    198 |     37 |   1 |  268.0 |
       Ossuary |    438 |    438 |      0 |      0 |     52 |   1 |  438.0 |
               +--------+--------+--------+--------+--------+-----+--------+

Top non-repeatable levels by time:
     D:3: 1620 daAuts
     D:9: 1449 daAuts
     D:8: 1393 daAuts
     D:6: 1022 daAuts
     D:5: 970 daAuts
     D:7: 895 daAuts
     D:2: 769 daAuts
     D:4: 669 daAuts
     D:1: 511 daAuts
 Ossuary: 438 daAuts
  Temple: 268 daAuts
    D:10: 46 daAuts
